 Dungeon Crawl Stone Soup version 0.14.0-18-g0341e45 (webtiles) character file.

452 MDvedh the Cleaver (level 6, -3/51 HPs)
             Began as a Minotaur Fighter on Apr 20, 2014.
             Was a Follower of Zin.
             Slain by MDvedh's ghost (10 damage)
             ... on Level 4 of the Dungeon.
             The game lasted 00:03:42 (3128 turns).

MDvedh the Cleaver (Minotaur Fighter)               Turns: 3128, Time: 00:03:42

HP  -3/51        AC 11     Str 23      XL: 6   Next: 22%
MP   3/3         EV  4     Int 10      God: Zin [*.....]
Gold 131         SH 19     Dex  9      Spells:  0 memorised,  5 levels left

rFire  . . .     SeeInvis .     a - +0 war axe
rCold  . . .     Clarity  .     r - +0 plate armour
rNeg   . . .     Conserve .     c - +0 shield
rPois  .         rCorr    .     (helmet restricted)
rElec  .         rRot     .     (no cloak)
SustAb . .       Spirit   .     (no gloves)
rMut   .         Warding  .     (no boots)
Saprov . . .     Stasis   +     g - amulet of stasis
MR     .....                    (no ring)
                                p - +5 ring of intelligence

@: short of breath, not resistant to hostile enchantments, extremely unstealthy
A: retaliatory headbutt, horns 2
a: Recite, Renounce Religion


You were on level 4 of the Dungeon.
You worshipped Zin.
Zin was aware of your devotion.
You were very hungry.

You visited 1 branch of the dungeon, and saw 4 of its levels.

You collected 145 gold pieces.
You donated 14 gold pieces.

Inventory:

Hand weapons
 a - a +0,+0 war axe (weapon)
Armour
 c - a +0 shield (worn)
 r - a +0 plate armour (worn)
Magical devices
 m - a wand of flame (2)
Comestibles
 d - 4 bread rations
 i - 2 meat rations
Scrolls
 b - a scroll of remove curse {unknown}
 f - 2 scrolls of amnesia {unknown}
 h - 2 scrolls of fear {unknown}
 k - 3 scrolls of identify {unknown}
 n - a scroll of enchant weapon II {unknown}
 q - a scroll of fog {unknown}
 u - 3 scrolls of teleportation {unknown}
 v - a scroll of enchant weapon I {unknown}
 y - a scroll of magic mapping {unknown}
Jewellery
 g - an amulet of stasis (around neck)
 p - a +5 ring of intelligence (left hand)
 s - a cursed ring of teleportation {unknown}
Potions
 e - a potion of might
 j - a potion of haste {unknown}
 l - a potion of lignification {unknown}
 o - a potion of beneficial mutation {unknown}


   Skills:
 - Level 3.6 Fighting
 + Level 8.0 Axes
 - Level 3.6 Armour
 - Level 3.6 Shields


You had 5 spell levels left.
You didn't know any spells.

Dungeon Overview and Level Annotations

Branches:
Dungeon (4/15)
 Temple: D:4-7

Altars:
Kikubaaqudgha
Trog
Zin

Annotations:
D:4 MDvedh's ghost, experienced HuBe


Innate Abilities, Weirdness & Mutations

You reflexively headbutt those who attack you in melee.
You have a pair of horns on your head.


Message History

MDvedh's ghost hits you but does no damage.
You hit MDvedh's ghost. Your headbutt misses MDvedh's ghost.
MDvedh's ghost is severely damaged.
You block the orc's attack. MDvedh's ghost hits you.
The orc hits you but does no damage.
You slash MDvedh's ghost!
MDvedh's ghost is almost destroyed.
MDvedh's ghost hits you but does no damage.
The orc hits you but does no damage.
You barely miss MDvedh's ghost.
You headbutt MDvedh's ghost, but do no damage.
MDvedh's ghost is almost destroyed.
MDvedh's ghost hits you!
* * * LOW HITPOINT WARNING * * *
The orc hits you but does no damage. MDvedh's ghost hits you!
* * * LOW HITPOINT WARNING * * *
Your shield and plate armour prevent you from hitting MDvedh's ghost.
MDvedh's ghost is almost destroyed.
The orc hits you but does no damage. MDvedh's ghost hits you!
You die...

..#.# #.. ... ..... ... ...
..#.# #.# #.# #.#.# #.# #.#
#.#.# #.###.# #.#.# #.#....
# #.#.# #.#....
#.#####.#.####.#....
########.o@pg..............
#.....<#######.#.####.#....
#..........# #.#.# #.#....
#...<))))..###.#[####.#....
#.......%..................
#..........###.#.####.#####
###.###....# #.#.# #.# #.#
#....###.#.####.#
#.###................


You could see MDvedh's ghost, an orc and a goblin.

Vanquished Creatures
  Sigmund (D:3)
  A hound (D:4)
  An iguana (D:4)
  An orc priest (D:4)
  An orc wizard (D:4)
  3 adders
  An inept item mimic (D:2)
  4 worms (D:3)
  A giant eyeball (D:4)
  A giant gecko (D:2)
  4 orcs
  2 ball pythons
  3 bats
  4 giant cockroaches
  6 hobgoblins
  17 jackals
  8 kobolds
  2 giant newts
  5 goblins
  A jackal zombie (D:3)
  11 rats
78 creatures vanquished.

Notes
Turn   | Place    | Note
--------------------------------------------------------------
     0 | D:1      | MDvedh, the Minotaur Fighter, began the quest for the Orb.
     0 | D:1      | Reached XP level 1. HP: 19/19 MP: 1/1
   148 | D:1      | Reached XP level 2. HP: 24/26 MP: 1/1
   582 | D:2      | Reached skill level 4 in Axes
   677 | D:2      | Reached XP level 3. HP: 22/31 MP: 2/2
  1070 | D:2      | Reached skill level 5 in Axes
  1370 | D:2      | Found an ancient bone altar of Kikubaaqudgha.
  1385 | D:2      | Found a glowing silver altar of Zin.
  1391 | D:2      | Became a worshipper of Zin the Law-Giver
  1457 | D:2      | Reached XP level 4. HP: 39/39 MP: 2/2
  1506 | D:2      | Acquired Zin's first power
  1855 | D:3      | Found a bloodstained altar of Trog.
  2318 | D:3      | Reached skill level 6 in Axes
  2393 | D:3      | Noticed Sigmund
  2409 | D:3      | Killed Sigmund
  2409 | D:3      | Reached XP level 5. HP: 24/45 MP: 2/2
  2413 | D:3      | Reached skill level 7 in Axes
  2887 | D:4      | Reached XP level 6. HP: 28/51 MP: 3/3
  3072 | D:4      | Noticed MDvedh's ghost (experienced HuBe)
  3115 | D:4      | Reached skill level 8 in Axes
  3128 | D:4      | Slain by MDvedh's ghost

Action                   |  1- 3 |  4- 6 || total
-------------------------+-------+-------++-------
Melee: War axe           |    78 |   143 ||   221
Invok: Recite            |       |     6 ||     6
  Use: Potion            |       |     3 ||     3
